PAA
PHOENIX HOTSPUR YOUTH @ CASPER GHOSTS
07/04/2022
 
TOP OF THE 1ST
Phoenix Hotspur Youth batting - Pitching for Casper Ghosts : RHP Wallace Elgie
Pitching: RHP Wallace Elgie
Batting: LHB Arthur Ryan 0-0: Ball
1-0: Swinging Strike
1-1: Foul Ball, location: 2F
1-2: Ball
2-2: Foul Ball, location: 2F
2-2: Strikes out swinging
Batting: RHB António Padilla 0-0: Called Strike
0-1: Fly out, F7 (Flyball, 78D)
Batting: LHB Derek Blair 0-0: Ball
1-0: Called Strike
1-1: Ball
2-1: Swinging Strike
2-2: Strikes out swinging
Top of the 1st over - 0 run(s), 0 hit(s), 0 error(s), 0 left on base; Phoenix Hotspur 0 - Casper 0
BOTTOM OF THE 1ST
Casper Ghosts batting - Pitching for Phoenix Hotspur Youth : RHP Jake Lambright
Pitching: RHP Jake Lambright
Batting: RHB Warner Robinson 0-0: Ball
1-0: Ball
2-0: Foul Ball, location: 2F
2-1: Foul Ball, location: 2F
2-2: Foul Ball, location: 2F
2-2: Ground out 1-3 (Groundball, 23)
Batting: SHB Alonso Rodríguez 0-0: Ball
1-0: SINGLE (Groundball, 34D)
Batting: RHB Lorenzo Díaz 0-0: Called Strike
0-1: Swinging Strike
0-2: Fly out, F9 (Flyball, 89M)
Batting: RHB Phil Baker 0-0: Ball
1-0: Called Strike
1-1: Called Strike
1-2: Ball
2-2: Ball
3-2: Foul Ball, location: 2F
3-2: Base on Balls
Alonso Rodríguez to second
Batting: SHB José Juárez 0-0: Ball
1-0: Ball
2-0: Ball
3-0: Called Strike
3-1: Base on Balls
Alonso Rodríguez to third
Phil Baker to second
Batting: RHB Mark Davis 0-0: Ball
1-0: Fly out, F8 (Line Drive, 8RD)
Bottom of the 1st over - 0 run(s), 1 hit(s), 0 error(s), 3 left on base; Phoenix Hotspur 0 - Casper 0
TOP OF THE 2ND
Phoenix Hotspur Youth batting - Pitching for Casper Ghosts : RHP Wallace Elgie
Batting: LHB Cristo Aponte 0-0: Ball
1-0: Foul Ball, location: 2F
1-1: TRIPLE (Line Drive, 9LM)
Batting: SHB Pedro Gómez 0-0: SINGLE (Groundball, 4MS) (infield hit)
Cristo Aponte scores
Batting: RHB Al Thomas 0-0: Foul Ball, location: 2F
0-1: Foul Ball, location: 2F
0-2: Ball
1-2: SINGLE (Popup, 3D)
Pedro Gómez to second
Runner from 2nd tries for 3rd, SAFE, no throw or cutoff
Batting: RHB David Rivas 0-0: Ball
1-0: Swinging Strike
1-1: Ball
2-1: Foul Ball, location: 2F
2-2: Foul Ball, location: 2F
2-2: Strikes out looking
Batting: RHB Satoshi Terada 0-0: Foul Ball, location: 2F
0-1: SINGLE (Flyball, 7S)
Pedro Gómez scores
Al Thomas to second
Batting: RHB Jesús Álvarez 0-0: Fly out, F9 (Flyball, 89M)
Batting: LHB Arthur Ryan 0-0: Ball
1-0: Fly out, F7 (Flyball, 78D)
Top of the 2nd over - 2 run(s), 4 hit(s), 0 error(s), 2 left on base; Phoenix Hotspur 2 - Casper 0
BOTTOM OF THE 2ND
Casper Ghosts batting - Pitching for Phoenix Hotspur Youth : RHP Jake Lambright
Batting: RHB Dave Young 0-0: Called Strike
0-1: Ground out 6-3 (Groundball, 6)
Batting: RHB Juan García 0-0: Foul Ball, location: 2F
0-1: Called Strike
0-2: Ball
1-2: Foul Ball, location: 2F
1-2: Ball
2-2: Strikes out looking
Batting: RHB Jim Unknown 0-0: Ball
1-0: Called Strike
1-1: Ball
2-1: Fly out, F7 (Flyball, 7D)
Bottom of the 2nd over - 0 run(s), 0 hit(s), 0 error(s), 0 left on base; Phoenix Hotspur 2 - Casper 0
TOP OF THE 3RD
Phoenix Hotspur Youth batting - Pitching for Casper Ghosts : RHP Wallace Elgie
Batting: RHB António Padilla 0-0: Ball
1-0: Foul Ball, location: 2F
1-1: Ball
2-1: Swinging Strike
2-2: SINGLE (Flyball, 8LS)
Batting: LHB Derek Blair 0-0: Foul Ball, location: 2F
0-1: Foul Ball, location: 2F
0-2: Foul Ball, location: 2F
0-2: Strikes out looking
Batting: LHB Cristo Aponte 0-0: Foul Ball, location: 2F
0-1: Ball
1-1: Fly out, F8 (Flyball, 8RM)
Batting: SHB Pedro Gómez 0-0: Ball
1-0: Called Strike
1-1: Swinging Strike
1-2: Fly out, F8 (Line Drive, 8LS)
Top of the 3rd over - 0 run(s), 1 hit(s), 0 error(s), 1 left on base; Phoenix Hotspur 2 - Casper 0
BOTTOM OF THE 3RD
Casper Ghosts batting - Pitching for Phoenix Hotspur Youth : RHP Jake Lambright
Batting: RHB Warner Robinson 0-0: Ball
1-0: Foul Ball, location: 2F
1-1: Bunt for hit - play at first, batter OUT! 3-4
Batting: SHB Alonso Rodríguez 0-0: Ball
1-0: Swinging Strike
1-1: SINGLE (Groundball, 34D)
Batting: RHB Lorenzo Díaz 0-0: Called Strike
0-1: DOUBLE (Line Drive, 8RS)
Alonso Rodríguez to third
Runner from 3rd tries for Home, SAFE, throw made home
Batting: RHB Phil Baker 0-0: Ball
1-0: Ball
2-0: Ball
3-0: Called Strike
3-1: Base on Balls
Batting: SHB José Juárez 0-0: Ball
1-0: Ball
2-0: Fielders Choice at 2nd, 3-6 (Groundball, 3)
Lorenzo Díaz to third
Batting: RHB Mark Davis 0-0: Ball
1-0: Ball
2-0: Foul Ball, location: 2F
2-1: Foul Ball, location: 2F
2-2: Ball
3-2: Fly out, F5 (Popup, 5)
Bottom of the 3rd over - 1 run(s), 2 hit(s), 0 error(s), 2 left on base; Phoenix Hotspur 2 - Casper 1
TOP OF THE 4TH
Phoenix Hotspur Youth batting - Pitching for Casper Ghosts : RHP Wallace Elgie
Batting: RHB Al Thomas 0-0: Ball
1-0: Called Strike
1-1: Ball
2-1: Called Strike
2-2: Foul Ball, location: 2F
2-2: Ball
3-2: SINGLE (Groundball, 4M)
Batting: RHB David Rivas 0-0: Ball
1-0: SINGLE (Flyball, 8RS)
Al Thomas to second
Batting: RHB Satoshi Terada 0-0: Called Strike
0-1: Ball
1-1: Ball
2-1: Ball
3-1: Foul Ball, location: 2F
3-2: Strikes out swinging
Batting: RHB Jesús Álvarez 0-0: Ball
1-0: Ball
2-0: Ball
3-0: Base on Balls
Al Thomas to third
David Rivas to second
Batting: LHB Arthur Ryan 0-0: Ball
1-0: Ball
2-0: Ball
3-0: Base on Balls
Al Thomas scores
David Rivas to third
Jesús Álvarez to second
Batting: RHB António Padilla 0-0: Ball
1-0: Foul Ball, location: 2F
1-1: Grounds into double play, U5-3 (Groundball, 5L)
Top of the 4th over - 1 run(s), 2 hit(s), 0 error(s), 2 left on base; Phoenix Hotspur 3 - Casper 1
BOTTOM OF THE 4TH
Casper Ghosts batting - Pitching for Phoenix Hotspur Youth : RHP Jake Lambright
Batting: RHB Dave Young 0-0: Ball
1-0: Ball
2-0: Ball
3-0: Base on Balls
Batting: RHB Juan García 0-0: Called Strike
0-1: Ball
1-1: Called Strike
1-2: Ball
2-2: Foul Ball, location: 2F
2-2: Foul Ball, location: 2F
2-2: Foul Ball, location: 2F
2-2: Fly out, F9 (Flyball, 89M)
Batting: RHB Jim Unknown 0-0: Ball
1-0: Called Strike
1-1: Ball
2-1: Ball
3-1: Base on Balls
Dave Young to second
Batting: RHB Warner Robinson 0-0: Foul Ball, location: 2F
0-1: Foul Ball, location: 2F
0-2: Ball
1-2: Ball
2-2: SINGLE (Line Drive, 8RS)
Dave Young to third
Jim Unknown to second
Batting: SHB Alonso Rodríguez 0-0: Ball
1-0: Ball
2-0: DOUBLE (Line Drive, 9LS)
Dave Young scores
Jim Unknown scores
Warner Robinson to third
Batting: RHB Lorenzo Díaz 0-0: Called Strike
0-1: Ball
1-1: Foul Ball, location: 2F
1-2: SINGLE (Groundball, 4MD)
Warner Robinson scores
Alonso Rodríguez to third
Batting: RHB Phil Baker 0-0: SINGLE (Groundball, 56)
Alonso Rodríguez scores
Lorenzo Díaz to second
Batting: SHB José Juárez 0-0: Swinging Strike
0-1: Called Strike
0-2: Ball
1-2: Grounds into double play, 6-4-3 (Groundball, 6)
Bottom of the 4th over - 4 run(s), 4 hit(s), 0 error(s), 1 left on base; Phoenix Hotspur 3 - Casper 5
TOP OF THE 5TH
Phoenix Hotspur Youth batting - Pitching for Casper Ghosts : RHP Wallace Elgie
Batting: LHB Derek Blair 0-0: Ball
1-0: Called Strike
1-1: TRIPLE (Flyball, 89M)
Pinch Runner at 3rd Javier González:
Batting: LHB Cristo Aponte 0-0: Ball
1-0: Ball
2-0: Ball
3-0: Called Strike
3-1: Base on Balls
Batting: SHB Pedro Gómez 0-0: Ball
1-0: Fielders Choice at 2nd, 4-6 (Groundball, 4)
Javier González scores
Batting: RHB Al Thomas 0-0: Ball
1-0: Called Strike
1-1: Foul Ball, location: 2F
1-2: Fly out, F2 (Popup, 2RF)
Batting: RHB David Rivas 0-0: Ball
1-0: Foul Ball, location: 2F
1-1: Fielders Choice at 2nd, 5-4 (Groundball, 5)
Top of the 5th over - 1 run(s), 1 hit(s), 0 error(s), 0 left on base; Phoenix Hotspur 4 - Casper 5
BOTTOM OF THE 5TH
Casper Ghosts batting - Pitching for Phoenix Hotspur Youth : RHP Jake Lambright
Batting: RHB Mark Davis 0-0: Foul Ball, location: 2F
0-1: SINGLE (Groundball, 6MD)
Batting: RHB Dave Young 0-0: Ball
1-0: Ball
2-0: Foul Ball, location: 2F
2-1: Foul Ball, location: 2F
2-2: Foul Ball, location: 2F
2-2: Grounds into double play, 4-6-3 (Groundball, 4)
Batting: RHB Juan García 0-0: Called Strike
0-1: Ball
1-1: Fly out, F9 (Flyball, 89M)
Bottom of the 5th over - 0 run(s), 1 hit(s), 0 error(s), 0 left on base; Phoenix Hotspur 4 - Casper 5
TOP OF THE 6TH
Phoenix Hotspur Youth batting - Pitching for Casper Ghosts : RHP Wallace Elgie
Batting: RHB Satoshi Terada 0-0: Ball
1-0: Fly out, F8 (Flyball, 8LD)
Batting: RHB Jesús Álvarez 0-0: Ball
1-0: Ball
2-0: Ground out 4-3 (Groundball, 4)
Batting: LHB Arthur Ryan 0-0: Ball
1-0: Ball
2-0: Ball
3-0: Called Strike
3-1: Foul Ball, location: 2F
3-2: Base on Balls
Pitching: RHP Ethan Martin
Batting: RHB António Padilla 0-0: Called Strike
0-1: Fielders Choice at 2nd, 6-4 (Groundball, 56)
Top of the 6th over - 0 run(s), 0 hit(s), 0 error(s), 0 left on base; Phoenix Hotspur 4 - Casper 5
BOTTOM OF THE 6TH
Casper Ghosts batting - Pitching for Phoenix Hotspur Youth : RHP Jake Lambright
Batting: RHB Jim Unknown 0-0: Ball
1-0: Ball
2-0: Ground out 4-3 (Groundball, 4)
Batting: RHB Warner Robinson 0-0: Bunted foul
0-1: Ball
1-1: Ball
2-1: Foul Ball, location: 2F
2-2: Strikes out looking
Batting: SHB Alonso Rodríguez 0-0: Fly out, F8 (Flyball, 8LD)
Bottom of the 6th over - 0 run(s), 0 hit(s), 0 error(s), 0 left on base; Phoenix Hotspur 4 - Casper 5
TOP OF THE 7TH
Phoenix Hotspur Youth batting - Pitching for Casper Ghosts : RHP Ethan Martin
Batting: RHB Javier González 0-0: Called Strike
0-1: Fly out, F7 (Flyball, 7M)
Batting: LHB Cristo Aponte 0-0: Ball
1-0: SINGLE (Groundball, 4MD)
Batting: SHB Pedro Gómez 0-0: Ball
1-0: Ball
2-0: Swinging Strike
2-1: Ball
3-1: Foul Ball, location: 2F
3-2: Foul Ball, location: 2F
3-2: Strikes out swinging
Cristo Aponte steals 2nd base
Batter strikes out.
Batting: RHB Al Thomas 0-0: Fly out, F8 (Line Drive, 8RD)
Top of the 7th over - 0 run(s), 1 hit(s), 0 error(s), 1 left on base; Phoenix Hotspur 4 - Casper 5
BOTTOM OF THE 7TH
Casper Ghosts batting - Pitching for Phoenix Hotspur Youth : RHP Jake Lambright
Batting: RHB Lorenzo Díaz 0-0: Called Strike
0-1: Fly out, F9 (Popup, 9S)
Batting: RHB Phil Baker 0-0: Fly out, F7 (Line Drive, 78D)
Batting: SHB José Juárez 0-0: Swinging Strike
0-1: Called Strike
0-2: Ball
1-2: Ball
2-2: Ground out 4-3 (Groundball, 34)
Bottom of the 7th over - 0 run(s), 0 hit(s), 0 error(s), 0 left on base; Phoenix Hotspur 4 - Casper 5
TOP OF THE 8TH
Phoenix Hotspur Youth batting - Pitching for Casper Ghosts : RHP Ethan Martin
Pitching: RHP Anthony Snyder
Batting: RHB David Rivas 0-0: Fly out, F9 (Popup, 9LS)
Batting: RHB Satoshi Terada 0-0: Called Strike
0-1: Foul Ball, location: 2F
0-2: Strikes out swinging
Batting: RHB Jesús Álvarez 0-0: Foul Ball, location: 2F
0-1: Ball
1-1: Fly out, F2 (Popup, 2R)
Top of the 8th over - 0 run(s), 0 hit(s), 0 error(s), 0 left on base; Phoenix Hotspur 4 - Casper 5
BOTTOM OF THE 8TH
Casper Ghosts batting - Pitching for Phoenix Hotspur Youth : RHP Jake Lambright
Pitching: LHP Bryan Jones
Batting: RHB Mark Davis 0-0: Called Strike
0-1: Ball
1-1: Ground out 1-3 (Groundball, 15)
Batting: RHB Dave Young 0-0: Hit by Pitch
Pinch Hitting: RHB Ron Coffman 0-0: Ball
1-0: Called Strike
1-1: Fly out, F5 (Popup, 5F)
Batting: RHB Jim Unknown 0-0: Called Strike
0-1: Foul Ball, location: 2F
0-2: Strikes out swinging
Bottom of the 8th over - 0 run(s), 0 hit(s), 0 error(s), 1 left on base; Phoenix Hotspur 4 - Casper 5
TOP OF THE 9TH
Phoenix Hotspur Youth batting - Pitching for Casper Ghosts : RHP Anthony Snyder
Pitching: LHP Ray Neely
Now in CF: Kyle Mann
Pinch Hitting: RHB Jim Unknown 0-0: Called Strike
0-1: Ball
1-1: Called Strike
1-2: Ball
2-2: Ball
3-2: Foul Ball, location: 2F
3-2: Foul Ball, location: 2F
3-2: Base on Balls
Batting: RHB António Padilla 0-0: Ball
1-0: SINGLE (Groundball, 4D)
Jim Unknown to second
Runner from 2nd tries for 3rd, SAFE, throw made to third
Batting: RHB Javier González 0-0: Ball
1-0: Ball
2-0: Ball
3-0: Base on Balls
António Padilla to second
Pinch Hitting: RHB Jesús Mejía 0-0: Called Strike
0-1: Ball
1-1: Ball
2-1: Fly out, F8 (Flyball, 8LXD)
Runner from 3rd tags up, SCORES, no throw
Batting: SHB Pedro Gómez 0-0: Ball
1-0: Swinging Strike
1-1: Swinging Strike
1-2: Strikes out swinging
Batting: RHB Al Thomas 0-0: Called Strike
0-1: Ball
1-1: Foul Ball, location: 2F
1-2: Strikes out swinging
Top of the 9th over - 1 run(s), 1 hit(s), 0 error(s), 2 left on base; Phoenix Hotspur 5 - Casper 5
BOTTOM OF THE 9TH
Casper Ghosts batting - Pitching for Phoenix Hotspur Youth : LHP Bryan Jones
Pitching: LHP Raúl Gonzáles
Now at 2B: Dan Perkins
Now in LF: Jim Unknown
Batting: RHB Warner Robinson 0-0: Called Strike
0-1: Swinging Strike
0-2: Strikes out swinging
Batting: SHB Alonso Rodríguez 0-0: Ground out 5-3 (Groundball, 15S)
Batting: RHB Lorenzo Díaz 0-0: Called Strike
0-1: Swinging Strike
0-2: Ball
1-2: Foul Ball, location: 2F
1-2: Ball
2-2: Ball
3-2: Foul Ball, location: 2F
3-2: Base on Balls
Batting: RHB Phil Baker 0-0: Foul Ball, location: 2F
0-1: Foul Ball, location: 2F
0-2: Ball
1-2: Strikes out looking
Bottom of the 9th over - 0 run(s), 0 hit(s), 0 error(s), 1 left on base; Phoenix Hotspur 5 - Casper 5
TOP OF THE 10TH
Phoenix Hotspur Youth batting - Pitching for Casper Ghosts : LHP Ray Neely
Batting: RHB David Rivas 0-0: Ball
1-0: Ball
2-0: Ball
3-0: Base on Balls
Batting: RHB Satoshi Terada 0-0: Bunted foul
0-1: Sac Bunt - play at first, batter OUT! 5-4
David Rivas to second
Batting: RHB Jesús Álvarez 0-0: Ball
1-0: Ball
2-0: Ball
3-0: Base on Balls
Batting: RHB Jim Unknown 0-0: Ball
1-0: SINGLE (Line Drive, 6MD)
David Rivas to third
Jesús Álvarez to second
Batting: RHB António Padilla 0-0: Foul Ball, location: 2F
0-1: Ball
1-1: Ball
2-1: Grounds into fielders choice 6-2 (Groundball, 6)
Jesús Álvarez to third
Jim Unknown to second
Batting: RHB Javier González 0-0: SINGLE (Groundball, 5L)
Jesús Álvarez scores
Jim Unknown to third
António Padilla to second
Runner from 3rd tries for Home, SAFE, throw made home
Pitching: LHP Jeffrey Brown
Batting: RHB Dan Perkins 0-0: Called Strike
0-1: Ball
1-1: Swinging Strike
1-2: Ball
2-2: SINGLE (Groundball, 34D)
António Padilla to third
Javier González to second
Runner from 3rd tries for Home, SAFE, no throw or cutoff
Batting: SHB Pedro Gómez 0-0: Swinging Strike
0-1: Foul Ball, location: 2F
0-2: Fly out, F7 (Line Drive, 7M)
Top of the 10th over - 3 run(s), 3 hit(s), 0 error(s), 2 left on base; Phoenix Hotspur 8 - Casper 5
BOTTOM OF THE 10TH
Casper Ghosts batting - Pitching for Phoenix Hotspur Youth : LHP Raúl Gonzáles
Batting: SHB José Juárez 0-0: Ball
1-0: Ball
2-0: Foul Ball, location: 2F
2-1: Fly out, F9 (Flyball, 89D)
Batting: RHB Mark Davis 0-0: Ball
1-0: SINGLE (Groundball, 56D) (infield hit)
Batting: RHB Dave Young 0-0: Ball
1-0: Foul Ball, location: 2F
1-1: Swinging Strike
1-2: Ball
2-2: Foul Ball, location: 2F
2-2: Strikes out swinging
Batting: LHB Kyle Mann 0-0: Ground out 4-3 (Groundball, 4)
Bottom of the 10th over - 0 run(s), 1 hit(s), 0 error(s), 1 left on base; Phoenix Hotspur 8 - Casper 5
This league is powered by Out of the Park Baseball, the baseball management simulation game for PC, Mac and Linux
Friday, April 15th, 2016 - OOTP Baseball 16.9 Build 39